 Dungeon Crawl Stone Soup version 0.26-a0-340-g8c663ee (webtiles) character file.

Game seed: 17251864893580322980

11 sauken the Sneak (level 2, -1/16 HPs)
             Began as a Vine Stalker Delver on July 16, 2020.
             Slain by Duvessa
             ... wielding a +0 short sword
              (8 damage)
             ... on level 5 of the Dungeon.
             The game lasted 00:02:13 (331 turns).

sauken the Sneak (Vine Stalker Delver)               Turns: 331, Time: 00:02:13

Health: -1/16      AC:  3    Str: 14    XL:     2   Next: 25%
Magic:  0/3        EV: 12    Int: 10    God:
Gold:   12         SH:  0    Dex: 15    Spells: 1/1 levels left

rFire    . . .     SeeInvis .   a - +0 falchion
rCold    . . .     Faith    .   (no shield)
rNeg     . . .     Spirit   +   b - +0 leather armour
rPois    .         Reflect  .   (no helmet)
rElec    .         Harm     .   (no cloak)
rCorr    .                      (no gloves)
MR       .....                  (no boots)
Stlth    +++.......             (no amulet)
HPRegen  0.05/turn              (no ring)
MPRegen  0.08/turn              (no ring)

@: no status effects
A: fangs 2, magic shield, antimagic bite, no potion heal 3, rot immunity
a: no special abilities


You were on level 5 of the Dungeon.
You visited 1 branch of the dungeon, and saw 1 of its levels.

You collected 12 gold pieces.

Inventory:

Hand Weapons
 a - a +0 falchion (weapon)
Missiles
 d - 9 poisoned darts (quivered)
Armour
 b - a +0 leather armour (worn)
Wands
 D - a wand of digging (3)
Scrolls
 g - a scroll of identify {unknown}


   Skills:
 + Level 2.8 Fighting
 + Level 2.0 Long Blades
 - Level 1.5 Dodging
 * Level 6.3 Stealth


You had one spell level left.
You didn't know any spells.
Your spell library was empty.

Dungeon Overview and Level Annotations

Branches:
Dungeon (5/15)
 Temple: D:4-7

Altars:
Makhleb

Annotations:
D:5 Dowan, Duvessa


Innate Abilities, Weirdness & Mutations

You have extremely sharp teeth.
When hurt, damage is shared between your health and your magic reserves.
Your bite disrupts and absorbs the magic of your enemies.
Potions cannot restore your health.
You are immune to rotting.


Message History

Duvessa seems to speed up.
Unknown command.
You aren't carrying any potions.
Unknown command.
Sorry, you're not good enough to have a special ability.
Unknown command.
Unknown command.
Unknown command.
As you read the scroll of fog, it crumbles to dust.
The scroll dissolves into smoke.
You feel yourself slow down.
Unknown command.
You see here a metallic sapphire potion.
c - a metallic sapphire potion Duvessa hits you but does no damage.
It was a potion of curing.
That felt strangely inert.
Duvessa hits you with a +0 short sword!
* * * LOW MAGIC WARNING * * *
Ouch! That really hurt!
You die...

*,,,,.........,..#*..........#...
*,,,.........#*#.##..............
*,,,,........#,.........##...#...
,,,,,........#*#.................
,,,,,.....§§§###........####.#...
,,,*,.....§§§§§§........# #.#...
,,,*,,,,#.#§§###.....##.# #.#...
,^,*,,,,#.#§####e....##.####.####
,,*****,#.§§..e.@..#.............
*******,#.#O#.................###
* *,***#e#.#####.......####..###
* ***** #.#.#####..##.#..........
***,_,###e...................O###
,,#.,,#...#.#####..##.#.#####.#
,,+...+...#.#####..##.#.# #.#
,,........#.#<..........# #.#
**.._.###.........O.....# #.#

Skill      XL: |  1 |
---------------+----+-----
Long Blades    | 2 |  2.0
Fighting       | |  2.8
Dodging        | |  1.5
Stealth        | |  6.3

Notes
Turn   | Place    | Note
-------+----------+-------------------------------------------
     0 | D:5      | sauken the Vine Stalker Delver began the quest for the Orb.
     0 | D:5      | Reached XP level 1. HP: 11/11 MP: 2/2
    40 | D:5      | Reached skill level 2 in Long Blades
    40 | D:5      | Reached XP level 2. HP: 6/16 MP: 0/3
   253 | D:5      | Noticed an ogre
   272 | D:5      | Noticed Duvessa
   272 | D:5      | Noticed Dowan
   313 | D:5      | Found a burning altar of Makhleb.
   317 | D:5      | Noticed a balrug
   331 | D:5      | Slain by Duvessa

Table legend:
 A = Turns spent in this place as a percentage of turns spent in the entire game.
 B = Non-inter-level travel turns spent in this place as a percentage of non-inter-level travel turns spent in the entire game.
 C = Inter-level travel turns spent in this place as a percentage of turns spent in this place.
 D = Turns resting spent in this place as a percentage of non-inter-level travel turns spent in this place.
 E = Turns spent auto-exploring this place as a percentage of non-inter-level travel turns spent in this place.
 F = Non-inter-level travel turns spent in this place divided by the number of levels of this place that you've seen.
                   A       B       C       D       E      F
               +-------+-------+-------+-------+-------+----------------------
         Total | 100.0 | 100.0 |   0.0 |  56.8 |   0.0 | 331.0
       Dungeon | 100.0 | 100.0 |   0.0 |  56.8 |   0.0 | 331.0
               +-------+-------+-------+-------+-------+----------------------

Table legend:
 A = Kills in this place as a percentage of kills in entire the game.
 B = Kills by you in this place as a percentage of kills by you in the entire game.
 C = Kills by friends in this place as a percentage of kills by friends in the entire game.
 D = Other kills in this place as a percentage of other kills in the entire game.
 E = Experience gained in this place as a percentage of experience gained in the entire game.
 F = Experience gained in this place divided by the number of levels of this place that you have seen.
                   A       B       C       D       E      F
               +-------+-------+-------+-------+-------+----------------------
         Total | 100.0 | 100.0 |   N/A |   N/A | 100.0 |  16.0
       Dungeon | 100.0 | 100.0 |   N/A |   N/A | 100.0 |  16.0
               +-------+-------+-------+-------+-------+----------------------

Action                   || total
-------------------------++-------
Melee: Falchion          ||     9
       Bite              ||     4
Throw: Dart              ||     5
  Use: Scroll            ||     3
       Potion            ||     2
 Stab: Sleeping          ||     1
Armor: Leather armour    ||     1
Dodge: Dodged            ||     5
       Rpst.: Falchion   ||     2

Vanquished Creatures
  A worker ant zombie (D:5)
1 creature vanquished. You could see Duvessa (fast), an ogre and Dowan.

Levels and vault maps discovered:
D:5:      layout_basic, grunt_temple_overflow_order_and_chaos_2,
          lemuel_angel_altar, uniq_sigmund, uniq_duvessa
